 Dungeon Crawl Stone Soup version 0.30-a0-43-gbbf338a72c (webtiles) character file.

Game seed: 17285141137331285328

121 LnG the Chopper (level 5, -5/47 HPs)
             Began as a Hill Orc Fighter on Aug 31, 2022.
             Slain by Natasha (6 damage)
             ... on level 2 of the Dungeon.
             The game lasted 00:06:45 (1848 turns).

LnG the Chopper (Hill Orc Fighter)                  Turns: 1848, Time: 00:06:45

Health: -5/47      AC:  5    Str: 27    XL:     5   Next: 5%
Magic:  5/5        EV: 11    Int:  8    God:
Gold:   97         SH:  4    Dex: 10    Spells: 4/4 levels left

rFire   . . .      SeeInvis .    a - +0 war axe
rCold   . . .      Faith    .    c - +0 buckler
rNeg    . . .      Spirit   .    i - +0 steam dragon scales
rPois   .          Reflect  .    (no helmet)
rElec   .          Harm     .    (no cloak)
rCorr   .          Rampage  .    (no gloves)
Will    .....                    (no boots)
Stlth   +.........               f - amulet of the acrobat
HPRegen 0.15/turn                g - +6 ring of strength
MPRegen 0.09/turn                (no ring)

@: slowed, very slow
A: no striking features
a: no special abilities


You were on level 2 of the Dungeon.
You visited 1 branch of the dungeon, and saw 4 of its levels.

You collected 97 gold pieces.

Inventory:

Hand Weapons
 a - a +0 war axe (weapon)
Armour
 b - a +0 scale mail
 c - a +0 buckler (worn)
 i - +0 steam dragon scales (worn)
Jewellery
 f - an amulet of the acrobat (around neck)
 g - a +6 ring of strength (left hand)
 l - a ring of fire
Wands
 s - a wand of flame (12)
Scrolls
 j - a scroll of torment {unknown}
 p - 2 scrolls of blinking {unknown}
 t - a scroll of vulnerability {unknown}
Potions
 d - 2 potions of might
 e - 2 potions of magic
 h - a potion of brilliance {unknown}
 k - a potion of invisibility {unknown}
 m - a potion of curing {unknown}
 n - a potion of lignification {unknown}
 o - 2 potions of mutation {unknown}
 q - a potion of flight {unknown}
 r - a potion of heal wounds {unknown}


   Skills:
 + Level 4.4 Fighting
 + Level 4.9 Axes
 + Level 3.5 Armour
 + Level 0.8 Dodging
 + Level 0.3 Stealth
 + Level 3.9 Shields


You had 4 spell levels left.
You didn't know any spells.
Your spell library contained the following spells:

 Spells                   Type           Power      Damage    Failure   Level
 Dazzling Flash           Conj/Hex       0%         N/A       86%         3
 Animate Armour           Summ/Erth      0%         N/A       99%         4
 Agony                    Necr           0%         N/A       100%        5
 Blade Hands              Tmut           0%         N/A       100%        5
 Silence                  Hex/Air        0%         N/A       100%        5
 Iron Shot                Conj/Erth      0%         9d1       100%        6


Dungeon Overview and Level Annotations

Branches:
Dungeon (4/15)
 Temple: D:4-7

Altars:

Annotations:
D:2 Natasha


Message History

You closely miss Natasha.
Natasha is lightly wounded.
Natasha growls.
Natasha claws you but does no damage. Natasha claws you.
Natasha claws you but does no damage.
Unknown command.
You barely miss Natasha.
Natasha is lightly wounded.
Natasha stares at you and mumbles some strange words.
You resist with some effort.
Natasha casts a spell.
You barely miss Natasha.
Natasha is lightly wounded.
Natasha claws you.
Natasha zaps a wand.
The puff of flame hits you.
Natasha hisses.
Natasha barely misses you.
You closely miss Natasha.
Natasha is lightly wounded.
You barely miss the white imp.
Natasha casts a spell.
The white imp barely misses you. Natasha casts a spell at you.
The magic dart hits you! The white imp gestures at you.
The puff of frost hits you.
Natasha stares at you and mumbles some strange words.
The magic dart hits you!
* * * LOW HITPOINT WARNING * * *
You closely miss Natasha.
Natasha is lightly wounded.
You slash the white imp! Natasha claws you!
* * * LOW HITPOINT WARNING * * *
The white imp completely misses you. Natasha barely misses you.
Natasha claws you but does no damage.
You hit Natasha.
Natasha is heavily wounded.
You barely miss the iron imp.
Natasha casts a spell.
Natasha claws you.
You die...

########## #........#
#......#.## #....5@##.#### ####
#....5h5##.#.#
#..######.......###.#
##.....#........#####
##..........<......# #
#.....#.......###.###########
##.##......##### ........#.
##..####.##...##############...
#..## #..#...................#.


You could see 2 iron imps, Natasha (fast) and a white imp (summoned).

Vanquished Creatures
  Jessica (D:2)
  Natasha (D:2)
  3 adders
  A worm (D:2)
  A dart slug (D:1)
  3 bats (D:1)
  3 endoplasms
  A giant cockroach (D:1)
  2 goblins (D:1)
  4 hobgoblins
  4 jackals (D:2)
  3 ball pythons
  4 frilled lizards (D:1)
  8 kobolds
  2 rats
41 creatures vanquished.

Notes
Turn   | Place    | Note
-------+----------+-------------------------------------------
     0 | D:1      | LnG the Hill Orc Fighter began the quest for the Orb.
     0 | D:1      | Reached XP level 1. HP: 19/19 MP: 1/1
   192 | D:1      | Reached XP level 2. HP: 24/27 MP: 2/2
   943 | D:1      | Reached XP level 3. HP: 26/33 MP: 3/3
  1336 | D:2      | Noticed Natasha
  1340 | D:2      | Killed Natasha
  1398 | D:2      | Reached XP level 4. HP: 40/40 MP: 4/4
  1565 | D:2      | Noticed Jessica
  1577 | D:2      | Killed Jessica
  1657 | D:3      | Reached XP level 5. HP: 47/47 MP: 5/5
  1665 | D:4      | Noticed an ogre
  1795 | D:2      | Noticed Natasha
  1847 | D:2      | HP: 1/47 [Natasha (7)]
  1848 | D:2      | Slain by Natasha

Illustrated notes

Levels and vault maps discovered:
D:1:      lemuel_arrival_lava_pool, layout_basic, minmay_misc_feat_nine_boxes,
          hangedman_decor_peaks_small
D:2:      layout_rooms, shapermc_ecumenical_altar_mp_highgroup,
          amethyst_killhole, hangedman_decor_points, minmay_tromino_v2,
          uniq_jessica, uniq_natasha
D:3:      wad_crossroads, layout_loops_corners, serial_shops, shop,
          serial_bayou_ford_a, uniq_pargi
D:4:      layout_cave_pools, nicolae_wu_jian_immortal_techniques,
          gammafunk_ghost_split, uniq_eustachio, uniq_grinder

Skill      XL: |  1  2  3 |
---------------+----------+-----
Fighting       | 4 |  4.4
Axes           | 3 4 |  4.9
Armour         | |  3.5
Dodging        | |  0.8
Stealth        | |  0.3
Shields        | |  3.9

Action                   |  1- 3 |  4- 6 || total
-------------------------+-------+-------++-------
Melee: War axe           |    67 |    36 ||   103
  Use: Scroll            |     2 |       ||     2
Armor: Scale mail        |    12 |       ||    12
       Steam dragon scal |    10 |    12 ||    22
Dodge: Dodged            |    38 |    21 ||    59
Block: Buckler           |    21 |     6 ||    27

Table legend: (Time is in decaauts)
 A = Elapsed time spent in this place.
 B = Non-inter-level travel time spent in this place.
 C = Inter-level travel time spent in this place.
 D = Time resting spent in this place.
 E = Time spent auto-exploring this place.
 F = Levels seen in this place.
 G = Mean time per level.
                   A        B        C        D        E       F      G
               +--------+--------+--------+--------+--------+-----+--------+
         Total |   1889 |   1763 |    126 |    150 |    833 |   4 |  472.2 |
       Dungeon |   1889 |   1763 |    126 |    150 |    833 |   4 |  472.2 |
               +--------+--------+--------+--------+--------+-----+--------+

Top non-repeatable levels by time:
     D:1: 1316 daAuts
     D:2: 497 daAuts
     D:3: 72 daAuts
     D:4: 3 daAuts
